 Dungeon Crawl Stone Soup version 0.19-a0-1850-g63fd1ff (webtiles) character file.

3403 Naow the Severer (level 9, -17/106 HPs)
             Began as a Minotaur Berserker on Oct 10, 2016.
             Was a High Priest of Trog.
             Demolished by a manticore (18 damage)
             ... on level 8 of the Dungeon.
             The game lasted 00:11:11 (5252 turns).

Naow the Severer (Minotaur Berserker)               Turns: 5252, Time: 00:11:12

Health: -17/106    AC: 12    Str: 28    XL:     9   Next: 75%
Magic:  8/8        EV: 11    Int:  7    God:    Trog [*****.]
Gold:   173        SH:  0    Dex:  9    Spells: 0 memorised, 8 levels left

rFire  . . .     SeeInvis .     E - +2 battleaxe
rCold  . . .     Gourm    .     p - +0 scale mail
rNeg   . . .     Faith    .     (shield currently unavailable)
rPois  .         Spirit   .     (helmet restricted)
rElec  .         Dismiss  .     o - +0 cloak
rCorr  .         Reflect  .     (no gloves)
MR     .....     Harm     .     I - +2 pair of boots {run}
Stlth  ..........               (no amulet)
                                (no ring)
                                (no ring)

@: berserking, barbed spikes, very quick
A: retaliatory headbutt, horns 2
a: Berserk, Trog's Hand, Brothers in Arms, Burn Spellbooks, Renounce Religion


You were on level 8 of the Dungeon.
You worshipped Trog.
Trog was extremely pleased with you.
You were hungry.

You visited 1 branch of the dungeon, and saw 8 of its levels.

You collected 346 gold pieces.
You spent 173 gold pieces at shops.

Inventory:

Hand Weapons
 a - a +0 hand axe
 E - a +2 battleaxe (weapon)
Armour
 b - a +0 animal skin
 f - the +3 shield of Patterns {rF- Int+8}
   (You found it on level 5 of the Dungeon)

   It affects your intelligence (+8).
   It makes you vulnerable to fire.
 m - a +0 pair of boots
 o - a +0 cloak (worn)
 p - a +0 scale mail (worn)
 I - a +2 pair of boots of running (worn)
Jewellery
 G - a +5 ring of dexterity {unknown}
 J - a +1 ring of protection {unknown}
Wands
 i - a wand of lightning (9/15)
 A - a wand of iceblast (5/15)
 K - a wand of acid (11/15)
Scrolls
 d - 11 scrolls of identify {unknown}
 e - 5 scrolls of remove curse
 h - a scroll of enchant armour {unknown}
 q - a scroll of fog {unknown}
 r - 2 scrolls of random uselessness {unknown}
 x - 4 scrolls of amnesia {unknown}
 y - 2 scrolls of enchant weapon {unknown}
 B - a scroll of acquirement {unknown}
 D - a scroll of teleportation {unknown}
 H - a scroll of magic mapping {unknown}
Potions
 g - 2 potions of might {unknown}
 j - 3 potions of mutation {unknown}
 k - 2 potions of agility {unknown}
 n - 4 potions of degeneration {unknown}
 s - 6 potions of curing {unknown}
 u - 2 potions of lignification {unknown}
 v - 2 potions of heal wounds
 w - 2 potions of invisibility {unknown}
 z - a potion of berserk rage {unknown}
Books
 C - Kikubaaqudgha's Volume of Necromancy
   (You found it on level 5 of the Dungeon)

   Spells                             Type                      Level
   a - Animate Skeleton               Necromancy                   1
   Trog disapproves of the use of such an item.
Comestibles
 c - 7 bread rations
 l - a beef jerky
 t - 4 meat rations
 F - 2 chunks of flesh


   Skills:
 - Level 4.1 Fighting
 - Level 15.0 Axes
 + Level 5.8 Armour
 - Level 2.3 Dodging


You had 8 spell levels left.
You didn't know any spells.

Dungeon Overview and Level Annotations

Branches:
Dungeon (8/15)             Temple (0/1) D:4
   Lair: D:8-11

Altars:
Ashenzari
Cheibriados
Kikubaaqudgha
Okawaru
Qazlal
Sif Muna
Trog
Vehumet
Xom
Zin

Shops:
D:7 *%![


Innate Abilities, Weirdness & Mutations

You reflexively headbutt those who attack you in melee.
You have a pair of horns on your head.


Message History

* * * LOW HITPOINT WARNING * * *
The manticore barely misses you.
A red film seems to cover your vision as you go berserk!
You feel yourself moving faster!
You feel mighty!
You are feeling hungry.
The manticore bites you!
* * * LOW HITPOINT WARNING * * *
The manticore claws you but does no damage.
The manticore closely misses you.
You slash the manticore! Your headbutt misses the manticore.
The manticore is moderately wounded.
You slice the manticore!! You headbutt the manticore!
The manticore is almost dead.
The manticore bites you.
* * * LOW HITPOINT WARNING * * *
The manticore claws you but does no damage. x2
You barely miss the manticore. Your headbutt misses the manticore.
The manticore is almost dead.
The manticore bites you!!
You die...

### ### #.. ..#
######.# #.#
...##.#### #.#
###.##.##.###.#
#....<.....##.######
#.#@##..........#...
#H##.#...##.#.#...
..##.##.###.#.....
.####........###...
## ####.##### #...
##+## ###[ ##...##
#. ##.....## #)
##.......## #.


You could see a manticore.

Vanquished Creatures
  Prince Ribbit (D:5)
  Sigmund (D:2)
  Menkaure (D:7)
  A water moccasin (D:7)
  An ice beast (D:5)
  A phantom (D:8)
  2 ogres (D:5)
  2 centaurs (D:5)
  Blork the orc (D:4)
  3 bullfrogs
  A wyvern zombie (D:7)
  A scorpion (D:6)
  3 howler monkeys (D:7)
  10 wights
  A bullfrog zombie (D:8)
  5 crimson imps
  5 hounds
  4 orc priests (D:5)
  2 jellies
  9 orc wizards
  Ijyb (D:3)
  5 worker ants
  An iguana (D:7)
  A killer bee zombie (D:6)
  A hound skeleton (D:6)
  A worker ant zombie (D:6)
  Robin (D:3)
  13 gnolls
  A river rat (D:6)
  12 adders
  2 oozes (D:2)
  2 adder skeletons
  An adder zombie (D:7)
  6 worms
  3 dart slugs
  3 leopard geckos
  28 orcs
  2 ball pythons
  5 giant cockroaches
  13 goblins
  14 hobgoblins
  7 jackals
  12 kobolds
  3 quokkas
  9 bats
  7 frilled lizards
  A jackal zombie (D:5)
  8 rats
218 creatures vanquished.

Notes
Turn   | Place    | Note
-------+----------+-------------------------------------------
     0 | D:1      | Naow the Minotaur Berserker began the quest for the Orb.
     0 | D:1      | Reached XP level 1. HP: 19/19 MP: 0/0
    52 | D:2      | Reached XP level 2. HP: 27/27 MP: 1/1
    57 | D:2      | Reached skill level 4 in Axes
   289 | D:1      | Reached XP level 3. HP: 33/33 MP: 2/2
   495 | D:1      | Reached ** piety under Trog
   592 | D:1      | Reached skill level 5 in Axes
  1112 | D:2      | Reached XP level 4. HP: 40/40 MP: 3/3
  1171 | D:2      | Noticed Sigmund
  1184 | D:2      | Killed Sigmund
  1184 | D:2      | Reached skill level 7 in Axes
  1184 | D:2      | Reached XP level 5. HP: 34/46 MP: 4/4
  1694 | D:3      | Reached XP level 6. HP: 44/52 MP: 5/5
  1777 | D:3      | Noticed Robin
  1783 | D:3      | Killed Robin
  1791 | D:3      | Reached skill level 8 in Axes
  1889 | D:3      | Noticed Ijyb
  1895 | D:3      | Killed Ijyb
  1942 | D:3      | Reached *** piety under Trog
  2244 | D:3      | Found a shimmering altar of Xom.
  2244 | D:3      | Found a glowing silver altar of Zin.
  2244 | D:3      | Noticed an angel
  2328 | D:3      | Found an iron altar of Okawaru.
  2330 | D:3      | Found a bloodstained altar of Trog.
  2373 | D:4      | Reached skill level 9 in Axes
  2376 | D:4      | Reached XP level 7. HP: 58/59 MP: 6/6
  2561 | D:4      | Found a staircase to the Ecumenical Temple.
  2572 | D:4      | Noticed Blork the orc
  2581 | D:4      | Killed Blork the orc
  2581 | D:4      | Reached skill level 10 in Axes
  2699 | D:5      | Entered Level 5 of the Dungeon
  2713 | D:5      | Reached **** piety under Trog
  2899 | D:5      | Found an ancient bone altar of Kikubaaqudgha.
  2899 | D:5      | Found a deep blue altar of Sif Muna.
  2900 | D:5      | Found a radiant altar of Vehumet.
  2902 | D:5      | Identified Kikubaaqudgha's Volume of Necromancy
  2963 | D:5      | Reached skill level 11 in Axes
  2969 | D:5      | Reached XP level 8. HP: 66/66 MP: 7/7
  3257 | D:5      | Reached skill level 12 in Axes
  3375 | D:5      | Noticed Prince Ribbit
  3517 | D:5      | Got a steaming shield
  3679 | D:5      | Killed Prince Ribbit
  3679 | D:5      | Reached skill level 13 in Axes
  3708 | D:5      | Found a shattered altar of Ashenzari.
  3844 | D:5      | Identified the +3 shield of Patterns {rF- Int+8} (You found it on level 5 of the Dungeon)
  3898 | D:6      | Reached XP level 9. HP: 55/71 MP: 8/8
  4078 | D:6      | Reached ***** piety under Trog
  4219 | D:6      | Reached skill level 14 in Axes
  4526 | D:6      | Found a snail-covered altar of Cheibriados.
  4527 | D:6      | Found a stormy altar of Qazlal.
  4619 | D:7      | Received a gift from Trog
  4656 | D:7      | Found Pikom's Assorted Antiques.
  4768 | D:7      | Found Laecam's Antique Armour Shoppe.
  4773 | D:7      | Found Vuqugrei's Distillery.
  4776 | D:7      | Bought a pair of glowing boots for 108 gold pieces
  4822 | D:7      | Identified a +2 pair of boots of running (You bought it in a shop on level 7 of the Dungeon)
  4835 | D:7      | Noticed Menkaure
  4840 | D:7      | Killed Menkaure
  4840 | D:7      | Reached skill level 15 in Axes
  5011 | D:7      | Found Awkaf's Food Shop.
  5043 | D:7      | Reached skill level 5 in Armour
  5117 | D:7      | Bought a potion of heal wounds for 65 gold pieces
  5246 | D:8      | Noticed a manticore
  5251 | D:8      | HP: 1/106 [manticore (6)]
  5252 | D:8      | Demolished by a manticore

Vault maps used:
D:1:      scummos_arrival_star, minmay_heptomino_h4
D:2:      minmay_tall_x, uniq_sigmund
D:3:      grunt_temple_overflow_order_and_chaos_1,
          nicolae_overflow_hidden_temple, first_bread, uniq_robin, uniq_iyjb
D:4:      uniq_blork_the_orc
D:5:      grunt_temple_overflow_magic_moments, evilmike_ruin_ashenzari,
          uniq_prince_ribbit1
D:6:      minitemple, portal_sewer_entry_b, st_stairs_13
D:7:      serial_shops, shop, shop_statue, shop, shop, uniq_menkaure
D:8:      overflow_temple_1_default, kennysheep_mini,
          nicolae_ossuary_entry_ruins

Skill      XL: |  1  2  3  4  5  6  7  8  9 |
---------------+----------------------------+-----
Fighting       | 4 |  4.1
Axes           | 4 5 7 9 11 13 15 | 15.0
Armour         | 5 |  5.8
Dodging        | |  2.3

Action                   |  1- 3 |  4- 6 |  7- 9 || total
-------------------------+-------+-------+-------++-------
Melee: Hand axe          |    78 |   146 |   167 ||   391
       Headbutt          |    10 |    22 |    45 ||    77
       Battleaxe         |       |       |   167 ||   167
Invok: Berserk           |     1 |     3 |     7 ||    11
       Trog's Hand       |       |     1 |     1 ||     2
  Use: Scroll            |       |       |     1 ||     1
  Eat: Chunk             |     2 |     6 |    15 ||    23
       Royal jelly       |       |       |     1 ||     1
Armor: Animal skin       |     9 |       |       ||     9
       Scale mail        |     7 |    59 |   111 ||   177
Dodge: Dodged            |    46 |    63 |   147 ||   256
